 Dungeon Crawl Stone Soup version 0.28-a0-973-ga7f8b01127 (webtiles) character file.

Game seed: 2719412613862856773

2275 browni3141 the Carver (level 9, -1/57 (66) HPs)
             Began as a Barachi Monk on Dec 2, 2021.
             Was a Priest of Cheibriados.
             Slain by a wight (4 damage)
             ... on level 5 of the Dungeon.
             The game lasted 00:16:38 (7177 turns).

browni3141 the Carver (Barachi Monk)                Turns: 7177, Time: 00:16:39

HP:   -1/57 (66)    AC:  8    Str: 22    XL:     9   Next: 39%
MP:   9/12          EV: 12    Int: 17    God:    Cheibriados [***...]
Gold: 341           SH:  5    Dex: 24    Spells: 8/8 levels left

rFire   . . .      SeeInvis .   G - +3 falchion (vamp)
rCold   . . .      Faith    .   C - +0 buckler
rNeg    . . .      Spirit   .   f - +0 scale mail
rPois   .          Reflect  .   (no helmet)
rElec   .          Harm     .   (no cloak)
rCorr   .          Rampage  .   r - +0 pair of gloves
Will    .....                   g - +0 pair of boots
Stlth   +.........              (no amulet)
HPRegen 0.19/turn               (no ring)
MPRegen 0.13/turn               (no ring)

@: unable to hop, heavily drained, very slow
A: amphibious, slowness 1, strong legs 1, +LOS
a: Hop, Renounce Religion, Bend Time, Temporal Distortion


You were on level 5 of the Dungeon.
You worshipped Cheibriados.
Cheibriados was most pleased with you.
You visited 2 branches of the dungeon, and saw 7 of its levels.

You collected 341 gold pieces.

Inventory:

Hand Weapons
 a - a +0 falchion
 i - a +0 long sword
 k - a +0 short sword of freezing
 x - a +4 trident
 E - a +0 shortbow
 G - a +3 vampiric falchion (weapon)
Missiles
 j - 12 poisoned darts (quivered)
 m - 226 stones
 A - 23 bolts
 F - 47 arrows
Armour
 b - a +0 robe
 e - a +0 leather armour
 f - a +0 scale mail (worn)
 g - a +0 pair of boots (worn)
 h - a +0 plate armour
 o - a +0 chain mail
 r - a +0 pair of gloves (worn)
 C - a +0 buckler (worn)
 H - a +0 pair of gloves
Scrolls
 c - a scroll of enchant weapon {unknown}
 d - 3 scrolls of identify
 q - a scroll of summoning {unknown}
 s - a scroll of enchant armour {unknown}
 u - a scroll of silence {unknown}
 w - a scroll of teleportation {unknown}
 y - a scroll of noise {unknown}
 B - a scroll of fog {unknown}
Potions
 l - a potion of resistance
 n - a potion of might
 p - 2 potions of heal wounds
 t - a potion of curing {unknown}
 v - a potion of magic {unknown}
 z - a potion of degeneration {unknown}
 D - a potion of lignification {unknown}


   Skills:
 * Level 4.5 Fighting
 * Level 10.8 Long Blades
 - Level 5.0 Throwing
 * Level 2.3 Armour
 * Level 4.1 Dodging
 - Level 1.7 Stealth
 * Level 5.2 Invocations


You had 8 spell levels left.
You didn't know any spells.
Your spell library contained the following spells:

 Spells                   Type           Power      Damage    Failure   Level
 Foxfire                  Conj/Fire      0%         2x1d4     71%         1
 Dazzling Flash           Conj/Hex       0%         N/A       97%         3
 Gell's Gravitas          Tloc           0%         N/A       97%         3
 Inner Flame              Hex/Fire       0%         N/A       97%         3
 Teleport Other           Tloc           0%         N/A       97%         3
 Animate Dead             Necr           0%         N/A       100%        4
 Cause Fear               Hex            0%         N/A       100%        4
 Dispel Undead            Necr           0%         3d6       100%        4
 Flame Wave               Conj/Fire      0%         2d4       100%        4
 Agony                    Necr           0%         N/A       100%        5
 Silence                  Hex/Air        0%         N/A       100%        5
 Dispersal                Tloc           0%         N/A       100%        6
 Discord                  Hex            0%         N/A       100%        8


Dungeon Overview and Level Annotations

Branches:
Dungeon (6/15)             Temple (1/1) D:4

Altars:
Ashenzari
Cheibriados
Dithmenos
Elyvilon
Fedhas
Kikubaaqudgha
Makhleb
Nemelex Xobeh
Okawaru
Ru
Sif Muna
Trog
Uskayaw
Vehumet
Wu Jian
Xom
Yredelemnul
Zin
The Shining One

Shops:
D:3 [


Innate Abilities, Weirdness & Mutations

You are amphibious.
You cover ground slowly.
You can hop short distances.
You have an extended range of vision and can be seen from far away.


Message History

You feel drained.
A wight breaks down the door.
The wight hits you with a +2 short sword!
The wight barely misses you.
There is a stone staircase leading up, spattered with blood here.
The wight barely misses you.
The wight hits you with a +2 short sword.
The wight hits you with a +0 hand axe.
You climb upwards.
There is a stone staircase leading down here.
The flow of time bends around you.
Cheibriados rebukes the wight.
The wight seems to slow down.
Cheibriados rebukes the wight.
The wight seems to slow down.
Unknown command.
Unknown command.
Press: ? - help, v - describe, . - travel, g - get item
Here: a wight, wielding a +0 hand axe and wearing a +0 robe (slow)
Items here: a +0 chain mail; a +0 mace; an orc skeleton.
The floor, spattered with blood.
You slash the wight!
The wight is heavily damaged.
The wight hits you with a +0 hand axe!
* * * LOW HITPOINT WARNING * * *
You feel drained.
* * * LOW HITPOINT WARNING * * *
The wight hits you with a +2 short sword.
* * * LOW HITPOINT WARNING * * *
You feel drained.
You hit the wight.
The wight is almost destroyed.
Unknown command.
You hit the wight.
You destroy the wight!
Cheibriados appreciates the change of pace.
The wight hits you with a +2 short sword!
* * * LOW HITPOINT WARNING * * *
You feel drained.
You die...

#.#####..##.....######
##.# #..##†###.#.....
#..# #.....# ###....#
#..# #.##..# #.####
#..#####.##..# #....<
#........##..# ##.#..
#.###.#####..######.#..
#.# #.## #.......#....
#.# #z@# #.#####.###..
#.# ##)# #.# #.# #..
#.# #.# #.# #.# #..
#.####.####.# #.# #.<
#...........#####.# #..
######.........##.# #..
######.......# #..
#.##.######..
#.##.##......


You could see a wight (slow).

Vanquished Creatures
  Pikel (D:6)
  Eustachio (D:5)
  An orc warrior (D:6)
  A black bear (D:5)
  A necrophage (D:5)
  3 ogres
  2 centaurs
  A bullfrog (D:6)
  A wyvern zombie (D:6)
  3 wights
  2 centaur zombies (D:6)
  2 hounds (D:5)
  2 jellies (D:5)
  A centaur skeleton (D:5)
  3 iguanas
  2 hound skeletons (D:5)
  8 adders
  A river rat (D:4)
  A shadow imp (D:5)
  An ufetubus (D:5)
  2 adder zombies (D:5)
  3 dart slugs
  4 orcs
  5 bats
  6 endoplasms
  5 giant cockroaches
  8 goblins
  9 hobgoblins
  9 jackals
  2 quokkas (D:4)
  7 ball pythons
  6 frilled lizards
  8 kobolds
  7 rats
119 creatures vanquished.

Notes
Turn   | Place    | Note
-------+----------+-------------------------------------------
     0 | D:1      | browni3141 the Barachi Monk began the quest for the Orb.
     0 | D:1      | Reached XP level 1. HP: 18/18 MP: 1/1
   249 | D:1      | Reached skill level 4 in Long Blades
   360 | D:1      | Reached XP level 2. HP: 24/24 MP: 2/2
   918 | D:1      | Reached XP level 3. HP: 29/29 MP: 3/3
   924 | D:1      | Reached skill level 5 in Long Blades
  1135 | D:1      | Found a faded altar of an unknown god.
  2122 | D:2      | Reached XP level 4. HP: 22/36 MP: 4/4
  2617 | D:2      | Found a shimmering blue altar of Sif Muna.
  2825 | D:3      | Reached skill level 6 in Long Blades
  3055 | D:3      | Found Ihiseakhee's Armour Emporium.
  3596 | D:3      | Found a shadowy altar of Dithmenos.
  3959 | D:4      | Found a staircase to the Ecumenical Temple.
  3982 | Temple   | Entered the Ecumenical Temple
  3990 | Temple   | Became a worshipper of Cheibriados the Contemplative
  3990 | Temple   | Reached * piety under Cheibriados
  3990 | Temple   | Reached ** piety under Cheibriados
  4085 | D:4      | Reached XP level 5. HP: 39/41 MP: 5/5
  4424 | D:4      | Reached skill level 1 in Throwing
  4617 | D:4      | Found a radiant altar of Vehumet.
  4617 | D:4      | Found an iron altar of Okawaru.
  4682 | D:5      | Entered Level 5 of the Dungeon
  4734 | D:5      | Reached skill level 7 in Long Blades
  4796 | D:5      | Reached XP level 6. HP: 39/47 MP: 6/6
  5218 | D:5      | Reached skill level 8 in Long Blades
  5218 | D:5      | Reached XP level 7. HP: 18/52 MP: 7/7
  5526 | D:5      | Reached *** piety under Cheibriados
  5533 | D:5      | Noticed Eustachio
  5548 | D:5      | Killed Eustachio
  5549 | D:5      | Reached skill level 1 in Invocations
  5691 | D:5      | Got the Handbook of Burning Dark Rituals
  5799 | D:5      | Found a shimmering altar of Xom.
  6006 | D:5      | Reached XP level 8. HP: 59/59 MP: 9/9
  6095 | D:5      | Reached skill level 9 in Long Blades
  6354 | D:6      | Reached skill level 5 in Throwing
  6452 | D:6      | Reached skill level 10 in Long Blades
  6494 | D:6      | Found an ornate altar of the Wu Jian Council.
  6752 | D:6      | Noticed Pikel
  6957 | D:6      | Reached XP level 9. HP: 48/64 MP: 12/12
  7091 | D:6      | Reached skill level 1 in Armour
  7115 | D:6      | Killed Pikel
  7116 | D:6      | Reached skill level 5 in Invocations
  7177 | D:5      | Slain by a wight

Illustrated notes

Levels and vault maps discovered:
D:1:      ncdulo_wetmaze, layout_loops_corners, chequers_ecumenical_altar_grove,
          hex_medium, wander_ebering_terrifying_dragon_lair
D:2:      layout_basic, basic_altar, lemuel_another_geyser
D:3:      layout_loops_ring, nicolae_overflow_hidden_temple, serial_shops,
          nicolae_shop_hallway_stairs
D:4:      layout_rooms, gammafunk_temple_overflow_statue,
          minmay_temple_entry_glass, portal_sewer_entry_e
D:5:      minmay_angry_zag, layout_loops_ring, lemuel_crystal_altar,
          uniq_eustachio
D:6:      layout_basic, mainiacjoe_overflow_24_doors, uniq_edmund, uniq_pikel
Temple:   eino_temple_lava

Skill      XL: |  1  2  3  4  5  6  7  8  9 |
---------------+----------------------------+-----
Long Blades    | 4 5 6 7 8 10 | 10.8
Throwing       | 2 3 4 5 |  5.0
Invocations    | 2 4 5 |  5.2
Armour         | 2 |  2.3
Fighting       | 4 |  4.5
Dodging        | 4 |  4.1
Stealth        | |  1.7

Action                   |  1- 3 |  4- 6 |  7- 9 || total
-------------------------+-------+-------+-------++-------
Melee: Falchion          |   126 |    85 |   117 ||   328
       Long sword        |       |   103 |    14 ||   117
Throw: Dart              |     4 |    43 |    35 ||    82
Invok: Bend Time         |       |       |     1 ||     1
 Abil: Hop               |     1 |     6 |     5 ||    12
  Use: Potion            |       |     1 |     2 ||     3
       Scroll            |       |       |     2 ||     2
 Stab: Sleeping          |       |       |     1 ||     1
Armor: Robe              |     4 |       |       ||     4
       Scale mail        |    54 |    93 |    52 ||   199
       Leather armour    |    10 |       |       ||    10
Dodge: Dodged            |    70 |   105 |    65 ||   240
Block: Buckler           |       |     6 |    33 ||    39

Table legend: (Time is in decaauts)
 A = Elapsed time spent in this place.
 B = Non-inter-level travel time spent in this place.
 C = Inter-level travel time spent in this place.
 D = Time resting spent in this place.
 E = Time spent auto-exploring this place.
 F = Levels seen in this place.
 G = Mean time per level.
                   A        B        C        D        E       F      G
               +--------+--------+--------+--------+--------+-----+--------+
         Total |   8832 |   8462 |    370 |    784 |   5809 |   7 | 1261.7 |
       Dungeon |   8731 |   8361 |    370 |    706 |   5809 |   6 | 1455.2 |
        Temple |    100 |    100 |      0 |     78 |      0 |   1 |  100.0 |
               +--------+--------+--------+--------+--------+-----+--------+

Top non-repeatable levels by time:
     D:5: 2485 daAuts
     D:2: 1691 daAuts
     D:1: 1525 daAuts
     D:3: 1178 daAuts
     D:4: 1007 daAuts
     D:6: 843 daAuts
  Temple: 100 daAuts
